 Dungeon Crawl Stone Soup version 0.29-a0-352-g0917bc69df (webtiles) character file.

Game seed: 8615187900098074301

48 firemarshallily the Skirmisher (level 3, -2/29 HPs)
             Began as a Demonspawn Berserker on Apr 24, 2022.
             Was a Follower of Trog.
             Slain by Sigmund
             ... wielding a +0 scythe
              (11 damage)
             ... on level 2 of the Dungeon.
             The game lasted 00:07:07 (2299 turns).

firemarshallily the Skirmisher (DsBe)               Turns: 2299, Time: 00:07:07

Health: -2/29      AC:  2    Str: 25    XL:     3   Next: 50%
Magic:  3/3        EV: 12    Int:  8    God:    Trog [*.....]
Gold:   62         SH:  0    Dex: 12    Spells: 2/2 levels left

rFire   . . .      SeeInvis .   a - +0 hand axe
rCold   . . .      Faith    .   (no shield)
rNeg    . . .      Spirit   .   b - +0 animal skin
rPois   .          Reflect  .   (no helmet)
rElec   .          Harm     .   (no cloak)
rCorr   .          Rampage  .   (no gloves)
Will    .....                   (no boots)
Stlth   +.........              (no amulet)
HPRegen 0.09/turn               c - +6 ring of strength
MPRegen 0.08/turn               (no ring)

@: on berserk cooldown, slowed, very slow
A: demonic guardian 1
a: Renounce Religion, Berserk


You were on level 2 of the Dungeon.
You worshipped Trog.
Trog was aware of your devotion.
You visited 1 branch of the dungeon, and saw 2 of its levels.

You collected 62 gold pieces.

Inventory:

Hand Weapons
 a - a +0 hand axe (weapon)
Missiles
 f - 52 stones
 j - 5 boomerangs (quivered)
 l - 6 poisoned darts
Armour
 b - a +0 animal skin (worn)
 i - a +0 chain mail
Jewellery
 c - a +6 ring of strength (left hand)
Scrolls
 d - 2 scrolls of identify
 h - a scroll of torment {unknown}
Potions
 g - a potion of brilliance {unknown}
 k - a potion of invisibility {unknown}


   Skills:
 + Level 3.4 Fighting
 + Level 3.1 Axes
 + Level 1.2 Throwing
 + Level 2.2 Armour
 - Level 1.8 Dodging


You had 2 spell levels left.
You didn't know any spells.
Your spell library was empty.

Dungeon Overview and Level Annotations

Branches:
Dungeon (2/15)

Altars:

Annotations:
D:2 Sigmund


Innate Abilities, Weirdness & Mutations

A weak demonic guardian rushes to your aid.


Message History

The dart slug is almost dead.
You hit the dart slug.
You kill the dart slug!
Trog accepts your kill. Something hits you. Something completely misses you.
You hit something. Something hits you.
You miss something. You hit something but do no damage. Something hits you.
You miss something. Something hits you.
You closely miss something. Something hits you!
* * * LOW HITPOINT WARNING * * *
You feel much better.
A red film seems to cover your vision as you go berserk!
You feel yourself moving faster!
You feel mighty! Something barely misses you.
You closely miss something. You miss something.
You hear some strange, mumbled words.
A puff of flame appears from out of thin air!
The puff of flame hits you!
You barely miss something. Something completely misses you.
You miss something. You closely miss something.
You hear some strange, mumbled words.
A puff of flame appears from out of thin air!
The puff of flame hits you!
You barely miss something. Your punch misses something. Something hits you.
You closely miss something. You miss something. Something hits you.
You hit something. You barely miss something.
Something hits you but does no damage.
You barely miss something. You slash something! Something hits you!
You barely miss something. You miss something. You slash something!
You are no longer berserk.
You are exhausted.
You feel yourself slow down. Something hits you!
You die...

#..##.##.###.......##
##..# #..# # # ##.....##
##.# #... ##...##
#.##### #.... ##'#
#...... #...#. #.#
#.##### #...... #.#
#...### ##.## #......
######...###########.###
......{@.........# #.#
.###.#.†.#.#####.###.#
#.................#
#.#####.#####.##### ...
#.# #.# ### #.# #.# #..
..# ### ###


There were no monsters in sight!

Vanquished Creatures
  2 worms (D:2)
  3 dart slugs
  2 bats
  3 endoplasms
  3 hobgoblins
  5 kobolds
  2 quokkas
  7 ball pythons
  3 frilled lizards
  2 goblins (D:1)
  4 rats
36 creatures vanquished.

Vanquished Creatures (others)
  A plant (D:2)
1 creature vanquished.

Grand Total: 37 creatures vanquished

Notes
Turn   | Place    | Note
-------+----------+-------------------------------------------
     0 | D:1      | firemarshallily the Demonspawn Berserker began the quest
                  | for the Orb.
     0 | D:1      | Reached XP level 1. HP: 18/18 MP: 1/1
   412 | D:1      | Gained mutation: A weak demonic guardian rushes to your
                  | aid. [demonic ancestry]
   412 | D:1      | Reached XP level 2. HP: 22/24 MP: 2/2
  1196 | D:1      | Found a faded altar of an unknown god.
  1222 | D:1      | Reached skill level 1 in Throwing
  1338 | D:2      | Reached XP level 3. HP: 29/29 MP: 3/3
  2271 | D:2      | Noticed Sigmund
  2299 | D:2      | Slain by Sigmund

Illustrated notes

Levels and vault maps discovered:
D:1:      dpeg_arrival_refuge, layout_basic,
          hellmonk_ecumenical_altar_prayer_group
D:2:      layout_loops_corners, serial_bayou_pond_e, uniq_sigmund

Skill      XL: |  1  2 |
---------------+-------+-----
Armour         | 2 |  2.2
Axes           | 3 |  3.1
Throwing       | 1 |  1.2
Fighting       | |  3.4
Dodging        | |  1.8

Action                   || total
-------------------------++-------
Melee: Hand axe          ||    96
       Punch             ||     2
Throw: Boomerang         ||    23
       Stone             ||     3
Invok: Berserk           ||     1
  Use: Scroll            ||     5
       Potion            ||     1
 Stab: Sleeping          ||     1
Armor: Animal skin       ||    15
Dodge: Dodged            ||    50

Table legend: (Time is in decaauts)
 A = Elapsed time spent in this place.
 B = Non-inter-level travel time spent in this place.
 C = Inter-level travel time spent in this place.
 D = Time resting spent in this place.
 E = Time spent auto-exploring this place.
 F = Levels seen in this place.
 G = Mean time per level.
                   A        B        C        D        E       F      G
               +--------+--------+--------+--------+--------+-----+--------+
         Total |   2312 |   2312 |      0 |      0 |   1921 |   2 | 1156.0 |
       Dungeon |   2312 |   2312 |      0 |      0 |   1921 |   2 | 1156.0 |
               +--------+--------+--------+--------+--------+-----+--------+

Top non-repeatable levels by time:
     D:1: 1297 daAuts
     D:2: 1015 daAuts
